 Dungeon Crawl Stone Soup version 0.22-a0-456-g11ed031 (console) character file.

1566 toffzen the Chopper (level 8, 0/49 HPs)
             Began as a Gargoyle Necromancer on June 6, 2018.
             Was a Believer of Okawaru.
             Slain by an orc warrior
             ... wielding a cursed -3 halberd
              (10 damage)
             ... on level 7 of the Dungeon.
             The game lasted 00:26:24 (7639 turns).

toffzen the Chopper (Gargoyle Necromancer)          Turns: 7639, Time: 00:26:25

Health: 0/49       AC: 22    Str: 14    XL:     8   Next: 90%
Magic:  20/20      EV:  9    Int: 16    God:    Okawaru [**....]
Gold:   440        SH:  7    Dex: 10    Spells: 10/11 levels left

rFire    . . .     SeeInvis .   d - +1 hand axe (elec)
rCold    . . .     Gourm    .   E - +2 buckler
rNeg     + . .     Faith    .   t - +0 chain mail
rPois    ∞         Spirit   .   g - +2 helmet
rElec    +         Reflect  .   (no cloak)
rCorr    .         Harm     .   a - +0 pair of gloves
MR       .....                  (no boots)
Stlth    ..........             (no amulet)
HPRegen  0.16/turn              s - ring of magical power
MPRegen  0.17/turn              (no ring)

@: heroism
A: negative energy resistance 1, electricity resistance, unbreathing,
petrification resistance, rot immunity, AC +5
a: Heroism, Renounce Religion


You were on level 7 of the Dungeon.
You worshipped Okawaru.
Okawaru was pleased with you.
You were not hungry.

You visited 1 branch of the dungeon, and saw 7 of its levels.
You also visited: Sewer.

You collected 440 gold pieces.

Inventory:

Hand Weapons
 d - a +1 hand axe of electrocution (weapon)
Missiles
 f - 226 stones (quivered)
 j - 20 sling bullets
 v - a throwing net
Armour
 a - a +0 pair of gloves (worn)
 g - a +2 helmet (worn)
 t - a +0 chain mail (worn)
 E - a +2 buckler (worn)
Jewellery
 s - a ring of magical power (left hand)
Wands
 p - a wand of polymorph (12)
 u - a wand of clouds (7)
 y - a wand of acid (14)
 A - a wand of flame (63)
Scrolls
 b - 2 scrolls of random uselessness {unknown}
 h - a scroll of enchant weapon {unknown}
 i - a scroll of noise {unknown}
 m - 6 scrolls of remove curse
 n - 2 scrolls of immolation {unknown}
 q - 2 scrolls of magic mapping {unknown}
 x - 4 scrolls of teleportation
 z - a scroll of amnesia {unknown}
 C - a scroll of fear {unknown}
 D - a scroll of blinking {unknown}
Potions
 e - a potion of degeneration
 k - a potion of berserk rage
 l - 2 potions of cancellation
 o - 5 potions of curing
 r - 2 potions of agility
 F - a potion of resistance {unknown}
Comestibles
 c - 7 rations
 w - 5 chunks of flesh


   Skills:
 - Level 5.0(10.0) Fighting
 + Level 6.3(11.3) Axes
 - Level 5.0(10.0) Armour
 - Level 1.5(6.5) Dodging
 - Level 2.1(7.1) Stealth
 * Level 2.3(7.3) Shields
 - Level 2.0 Spellcasting
 - Level 3.2 Necromancy
 - Level 3.9 Invocations


You had 10 spell levels left.
You knew the following spells:

 Your Spells              Type           Power        Failure   Level  Hunger
a - Pain                  Necr           ##..         61%         1    #......

Your spell library contained the following spells:

 Spells                   Type           Power        Failure   Level  Hunger
 Animate Dead             Necr           N/A          100%        4    #####..
 Animate Skeleton         Necr           N/A          61%         1    #......
 Vampiric Draining        Necr           ##........   93%         3    ###....
 Regeneration             Chrm/Necr      #.........   99%         3    ###....


Dungeon Overview and Level Annotations

Branches:
Dungeon (7/15)             Temple (0/1) D:7

Altars:
Dithmenos
Nemelex Xobeh
Okawaru
Sif Muna
Trog
Zin
The Shining One

Annotations:
D:6 1 exclusion


Innate Abilities, Weirdness & Mutations

You are resistant to torment.
Your stone body is resilient. (AC +5)
You are immune to poison.
You resist negative energy. (rN+)
You are resistant to electric shocks. (rElec)
You can survive without breathing.
You are immune to petrification.
You are immune to rotting.


Message History

* * * LOW HITPOINT WARNING * * *
You hit the orc priest but do no damage.
The orc priest is severely wounded.
The orc priest invokes the aid of Beogh against you.
You are unaffected.
You hit the orc priest.
Lightning courses through the orc priest!
You kill the orc priest!
Okawaru accepts your kill.
The orc warrior hits you from afar with a halberd.
* * * LOW HITPOINT WARNING * * *
You hit the ooze. Lightning courses through the ooze!
You kill the ooze!
Okawaru accepts your kill. You block the orc warrior's attack.
You see here a short sword.
You hit the orc warrior.
The orc warrior is lightly wounded.
The orc warrior hits you with a halberd!
You die...

.. # .# # ########## .#
# #........# .# #
#........# .##### #
#........# .....
#####..[.....####..#.#..
....'........'))@o...>..
#####........####..#....
# #........# ..# .
#........# ....
#####........# #####
.............##
.................#
.................#
.................#


You could see an orc warrior.

Vanquished Creatures
  A hungry ghost (D:4)
  A water moccasin (D:6)
  2 sky beasts
  An ogre (D:6)
  The ghost of Avalon the Grave Robber, an amateur DDNe of Makhleb (D:4)
  3 bullfrogs
  A gnoll sergeant (D:6)
  A crimson imp (D:7)
  2 hounds
  2 orc priests (D:7)
  A bullfrog skeleton (D:5)
  2 worker ants
  A worker ant zombie (D:5)
  Robin (D:3)
  20 gnolls
  11 adders
  2 shadow imps
  2 oozes (D:7)
  An adder skeleton (D:4)
  13 dart slugs
  2 worms
  5 leopard geckos
  5 orcs
  6 ball pythons
  5 giant cockroaches
  11 goblins
  7 hobgoblins
  14 jackals
  9 bats
  7 frilled lizards
  8 kobolds
  A quokka skeleton (D:5)
  3 rats
  6 plants (Sewer)
158 creatures vanquished.

Vanquished Creatures (others)
  A plant (D:6)
1 creature vanquished.

Grand Total: 159 creatures vanquished

Notes
Turn   | Place    | Note
-------+----------+-------------------------------------------
     0 | D:1      | toffzen the Gargoyle Necromancer began the quest for the Orb.
     0 | D:1      | Reached XP level 1. HP: 10/10 MP: 3/3
   297 | D:1      | Reached XP level 2. HP: 16/16 MP: 5/5
   474 | D:1      | Reached skill level 1 in Axes
   636 | D:1      | Reached skill level 1 in Fighting
   807 | D:2      | Reached skill level 1 in Armour
   808 | D:2      | Found a faded altar of an unknown god.
   907 | D:2      | Reached XP level 3. HP: 14/20 MP: 6/6
  1031 | D:2      | Found a shadowy altar of Dithmenos.
  1519 | D:2      | Reached skill level 2 in Axes
  1919 | D:2      | Reached XP level 4. HP: 26/26 MP: 7/7
  2040 | D:2      | Found a deep blue altar of Sif Muna.
  2215 | D:3      | Noticed Robin
  2229 | D:3      | Killed Robin
  2452 | D:3      | Reached XP level 5. HP: 4/30 MP: 8/8
  2877 | D:3      | Found an iron altar of Okawaru.
  2892 | D:3      | Became a worshipper of Warmaster Okawaru
  2939 | D:3      | Noticed a sky beast
  2949 | D:3      | Killed a sky beast
  2949 | D:3      | Reached skill level 3 in Axes
  3199 | D:4      | Reached XP level 6. HP: 36/36 MP: 9/9
  3229 | D:4      | Noticed a hungry ghost
  3516 | D:4      | Reached skill level 1 in Invocations
  3607 | D:4      | Killed a hungry ghost
  3607 | D:4      | Reached * piety under Okawaru
  3607 | D:4      | Reached skill level 4 in Axes
  3607 | D:4      | Reached XP level 7. HP: 41/41 MP: 10/10
  3699 | D:4      | Noticed Avalon's ghost (amateur DDNe)
  3711 | D:4      | Killed Avalon's ghost
  4275 | D:5      | Entered Level 5 of the Dungeon
  4639 | D:5      | Found a glowing silver altar of Zin.
  4709 | D:5      | Found a sparkling altar of Nemelex Xobeh.
  4709 | D:5      | Found a glowing golden altar of the Shining One.
  4889 | D:5      | Found a bloodstained altar of Trog.
  5216 | D:6      | Reached skill level 5 in Axes
  5229 | D:6      | Found a glowing drain.
  5247 | Sewer    | Entered a sewer
  5533 | Sewer    | Reached XP level 8. HP: 48/48 MP: 11/11
  6384 | D:6      | Found a sparkling altar of Nemelex Xobeh.
  6605 | D:6      | Reached ** piety under Okawaru
  6634 | D:6      | Noticed a gargoyle
  7237 | D:6      | Reached skill level 6 in Axes
  7250 | D:6      | Reached skill level 5 in Fighting
  7250 | D:6      | Reached skill level 5 in Armour
  7443 | D:7      | Reached skill level 1 in Shields
  7536 | D:7      | Found a staircase to the Ecumenical Temple.
  7639 | D:7      | Slain by an orc warrior

Vault maps used:
D:1:      minmay_arrival_glassed_features
D:2:      led_sif_pool, grunt_dithmenos_smoke,
          chequers_ecumenical_altar_simple_redux
D:3:      okawaru_gym_becter, st_stairs_14, kennysheep_generic_room_6,
          uniq_robin
D:4:      kennysheep_slugbush
D:5:      gammafunk_temple_overflow_elements, nicolae_overflow_hidden_temple,
          first_ration
D:6:      cheibrodos_two_vegetables, cheibrodos_sewer_entry_sluice,
          nemelex_diamond_rough_becter
D:7:      temple_doors_e
Sewer:    sewer_co_scattered_pipes

Skill      XL: |  1  2  3  4  5  6  7  8 |
---------------+-------------------------+-----
Axes           | 1 2 3 4 5 6 |  6.3
Fighting       | 1 2 3 4 5 |  5.0
Armour         | 1 2 3 4 5 |  5.0
Invocations    | 1 2 3 |  3.9
Shields        | 2 |  2.3
Dodging        | |  1.5
Stealth        | |  2.1
Spellcasting   | |  2.0
Necromancy     | |  3.2

Action                   |  1- 3 |  4- 6 |  7- 9 || total
-------------------------+-------+-------+-------++-------
Melee: Hand axe          |    94 |   121 |   393 ||   608
Throw: Stone             |       |     4 |     4 ||     8
Invok: Heroism           |       |       |     8 ||     8
  Use: Scroll            |       |     7 |     4 ||    11
       Potion            |       |     7 |     2 ||     9
 Stab: Sleeping          |     5 |       |       ||     5
  Eat: Chunk             |     3 |     9 |     5 ||    17
       Ration            |       |     1 |     3 ||     4
Armor: Robe              |     3 |       |       ||     3
       Leather armour    |    16 |       |       ||    16
       Ring mail         |    16 |    69 |    10 ||    95
       Chain mail        |       |       |   237 ||   237
Dodge: Dodged            |    54 |    68 |   100 ||   222
Block: Buckler           |       |       |     9 ||     9

Table legend:
 A = Spawn XP
 B = Non-spawn XP
 C = Spawn XP percentage of total XP
 D = Spawn monster count
 E = Non-spawn monster count
 F = Spawn count percentage of total count
 G = Total turns spent on level
                    A         B        C        D         E        F      G
               +---------+---------+-------+---------+---------+-------+---------
         Total |       0 |    2238 |   0.0 |       0 |     152 |   0.0 |  7639
               +---------+---------+-------+---------+---------+-------+---------
           D:1 |       0 |      21 |   0.0 |       0 |      10 |   0.0 |   774
           D:2 |       0 |      62 |   0.0 |       0 |      20 |   0.0 |  1332
           D:3 |       0 |     244 |   0.0 |       0 |      27 |   0.0 |  1241
           D:4 |       0 |     557 |   0.0 |       0 |      26 |   0.0 |   948
           D:5 |       0 |     168 |   0.0 |       0 |       9 |   0.0 |   907
           D:6 |       0 |     882 |   0.0 |       0 |      22 |   0.0 |  1439
           D:7 |       0 |     239 |   0.0 |       0 |      18 |   0.0 |   272
         Sewer |       0 |      65 |   0.0 |       0 |      20 |   0.0 |   726
               +---------+---------+-------+---------+---------+-------+---------
